 Dungeon Crawl Stone Soup version 0.24.1-14-gf8d2b509d9 (webtiles) character file.

Game seed: 4513044360491626178, levelgen mode: deterministic

38871 TittyCrusher the Martial Artist (level 14, -1/151 HPs)
             Began as a Naga Transmuter on Apr 18, 2024.
             Was the Champion of Cheibriados.
             Slain by an eight-headed hydra (12 damage)
             ... on level 6 of the Lair of Beasts.
             The game lasted 01:03:51 (15588 turns).

TittyCrusher the Martial Artist (Naga Transmuter)  Turns: 15588, Time: 01:03:52

Health: -1/151     AC:  9    Str: 27    XL:     14   Next: 4%
Magic:  25/25      EV: 16    Int: 30    God:    Cheibriados [******]
Gold:   1074       SH:  0    Dex: 33    Spells: 14/28 levels left

rFire    x . .     SeeInvis +     - Unarmed
rCold    + + +     Gourm    .   (shield currently unavailable)
rNeg     . . .     Faith    +   (armour currently unavailable)
rPois    +         Spirit   .   (helmet currently unavailable)
rElec    .         Reflect  .   (cloak currently unavailable)
rCorr    .         Harm     .   (gloves currently unavailable)
MR       +....                  (no barding)
Stlth    ++++++....             S - amulet of faith
HPRegen  0.35/turn              h - +4 ring of dexterity
MPRegen  0.19/turn              H - +2 ring of evasion

@: ice-form, very slow
A: large, see invisible, robust 1, slow metabolism 1, spit poison 1, weak 1,
MP-powered wands, AC +4
a: Spit Poison, End Transformation, Bend Time, Temporal Distortion, Slouch, Step
From Time, Renounce Religion


You were on level 6 of the Lair of Beasts.
You worshipped Cheibriados.
Cheibriados was exalted by your worship.
You were not hungry.
You were a creature of crystalline ice.
You visited 3 branches of the dungeon, and saw 18 of its levels.

You collected 1074 gold pieces.

Inventory:

Hand Weapons
 b - a +0 hunting sling of freezing
 l - a +2 trident of freezing
 E - a +2 antimagic demon trident
 G - a +1 trident
Missiles
 f - 295 arrows
 p - 257 stones (quivered)
 u - 104 sling bullets
 J - 2 throwing nets
Armour
 a - a +0 troll leather armour
 e - a +0 cloak
 i - a +0 pair of gloves (melded)
 m - a +0 buckler (melded)
 v - +0 steam dragon scales
 x - the +2 robe of a Million Wars {*Contam rCorr Str+4}
   (You found it on level 1 of the Lair of Beasts)

   It affects your strength (+4).
   It causes magical contamination when unequipped.
   It provides partial protection from all sources of acid and corrosion.
 F - a +2 helmet (melded)
 M - a +0 shield
 O - a +3 naga barding (melded)
 X - a scarf of cloud immunity (melded)
 Z - a +1 robe of magic resistance (melded)
Magical Staves
 q - an uncursed staff of cold
Jewellery
 h - a +4 ring of dexterity (left front paw)
 o - an uncursed amulet of the gourmand
 s - an uncursed ring of positive energy {unknown}
 w - an uncursed amulet of regeneration
 D - an uncursed ring of magical power
 H - a +2 ring of evasion (right front paw)
 P - an uncursed amulet of guardian spirit
 S - an amulet of faith (around neck)
 Y - an uncursed amulet of magic regeneration
Wands
 r - a wand of acid (14)
 y - a wand of enslavement (21)
 A - a wand of flame (53)
 L - a wand of iceblast (9)
 N - a wand of clouds (9)
 U - a wand of polymorph (10)
 W - a wand of paralysis (9)
Scrolls
 c - a scroll of fog
 k - a scroll of teleportation
 t - a scroll of holy word
 z - 3 scrolls of fear
 I - 3 scrolls of magic mapping
 K - a scroll of immolation
 R - 9 scrolls of remove curse
Potions
 g - a potion of resistance
 j - a potion of lignification
 n - 4 potions of brilliance
 B - a potion of mutation
 Q - a potion of agility
Miscellaneous
 C - a lightning rod (4/4)
 T - a lamp of fire
Comestibles
 d - 22 rations
 V - 2 chunks of flesh


   Skills:
 - Level 4.9 Fighting
 - Level 4.3 Dodging
 - Level 11.6 Stealth
 - Level 2.4 Shields
 - Level 12.4 Unarmed Combat
 - Level 7.7 Spellcasting
 - Level 11.1 Transmutations
 - Level 7.5 Ice Magic
 - Level 4.3 Poison Magic
 + Level 9.1 Invocations


You had 14 spell levels left.
You knew the following spells:

 Your Spells              Type           Power        Failure   Level  Hunger
a - Blade Hands           Tmut           ######....   1%          5    ####...
b - Sticks to Snakes      Tmut           ######..     1%          2    None
c - Spider Form           Tmut/Pois      ######....   1%          3    None
d - Ice Form              Ice/Tmut       ######..     1%          4    #......

Your spell library contained the following spells:

 Spells                   Type           Power        Failure   Level  Hunger
 Beastly Appendage        Tmut           ######       1%          1    None
 Magic Dart               Conj           ##..         4%          1    None
 Searing Ray              Conj           ##....       7%          2    None
 Dazzling Spray           Conj/Hex       ##....       13%         3    None
 Force Lance              Conj/Tloc      ##......     41%         4    #......
 Fulminant Prism          Conj/Hex       ##........   41%         4    #......
 Iskenderun's Mystic Bla  Conj           ##......     41%         4    #......
 Summon Lightning Spire   Summ/Air       ##......     41%         4    #......
 Silence                  Hex/Air        ##........   77%         5    ####...
 Conjure Ball Lightning   Conj/Air       ##........   100%        6    ######.
 Deflect Missiles         Chrm/Air       ##........   100%        6    ######.
 Tornado                  Air            ##........   100%        9    #######


Dungeon Overview and Level Annotations

Branches:
Dungeon (11/15)            Temple (1/1) D:7            Lair (6/6) D:11
 Shoals (0/4) Lair:4       Spider (0/4) Lair:3        Slime (0/5) Lair:5
    Orc (0/2) D:9

Altars:
Ashenzari
Cheibriados
Elyvilon
Fedhas
Hepliaklqana
Kikubaaqudgha
Makhleb
Nemelex Xobeh
Okawaru
Qazlal
Ru
Sif Muna
Trog
Uskayaw
Vehumet
Wu Jian
Xom
Yredelemnul
The Shining One

Annotations:
D:1 exclusion: downstairs
D:4 3 runed translucent doors, gamerdudes's ghost, amateur OgWz
D:10 3 runed translucent doors, tmcgee265's ghost, journeyman OpWz
Lair:5 exclusion: oklob plant


Innate Abilities, Weirdness & Mutations

You cannot wear boots.
((Your serpentine skin is tough. (AC +4)))
You have supernaturally acute eyesight. (SInv)
((Armour fits poorly on your strangely shaped body.))
((Your system is resistant to poisons. (rPois)))
((You cover ground very slowly.))
You have a slow metabolism.
You can spit poison.
((You can use your snake-like lower body to constrict enemies.))
((You are partially covered in molten scales. (AC +2)))
You are robust. (+10% HP)
You are weak. (Str -2)
You expend magic power (3 MP) to strengthen your wands.


Message History

The eight-headed hydra bites you.
The eight-headed hydra closely misses you.
The eight-headed hydra bites you but does no damage. x2
The eight-headed hydra closely misses you.
The eight-headed hydra bites you. The eight-headed hydra misses you.
The eight-headed hydra bites you!
* * * LOW HITPOINT WARNING * * *
You hit the eight-headed hydra but do no damage.
The eight-headed hydra is almost dead.
The eight-headed hydra bites you!
* * * LOW HITPOINT WARNING * * *
The eight-headed hydra bites you!
* * * LOW HITPOINT WARNING * * *
The eight-headed hydra closely misses you.
The eight-headed hydra barely misses you.
The eight-headed hydra completely misses you. x2
The eight-headed hydra bites you.
* * * LOW HITPOINT WARNING * * *
The eight-headed hydra bites you!
You die...

##.....)..# ... ### .#...........
..##.## ............. #....##
##.. ......###...#. #....# S#...
#...######..# ##P...# .....
#....#..#...####.....# ...
.......##....#.......# ..
..###.?......##......# #
..##†..........DY....#
..#.##†..............# ####
..####......P#.......## ###..###
..P##...............#.###......##
...##..............#.............
..............................#.#
.............###............÷.###
#............##....#....#.#..####
..#.#......)###..P#.#...#.....P..


You could see an eight-headed hydra.

Vanquished Creatures
  6 hydras
  3 unseen horrors (D:11)
  A manticore (D:11)
  4 black mambas
  3 merfolk sirens (Lair:4)
  12 spiny frogs
  7 komodo dragons
  A rime drake (Lair:6)
  A polar bear (Lair:5)
  3 jumping spiders (Lair:3)
  A merfolk (Lair:4)
  3 trolls (D:9)
  A hornet (D:10)
  10 blink frogs (Lair:4)
  6 hippogriffs
  7 dream sheep (Lair:6)
  Sigmund (D:2)
  7 redbacks (Lair:3)
  2 wyverns
  A shadow (D:11)
  35 yaks
  5 basilisks
  2 hungry ghosts
  A steam dragon (D:10)
  9 water moccasins
  5 porcupines
  Duvessa (D:6)
  6 orc warriors
  A black bear (D:11)
  A phantom (D:10)
  A necrophage (D:7)
  An ice beast (D:8)
  7 sky beasts
  8 ogres
  18 wolves
  7 crocodiles
  6 centaurs
  4 big kobolds
  17 bullfrogs
  2 gnoll sergeants (D:9)
  Dowan (D:6)
  6 scorpions
  A wyvern skeleton (D:11)
  4 killer bees (D:8)
  5 wights (D:11)
  4 howler monkeys
  A bullfrog zombie (D:8)
  3 centaur zombies
  7 crimson imps
  7 orc priests
  2 centaur skeletons (D:4)
  7 hounds
  5 bullfrog skeletons
  12 orc wizards
  2 iguanas
  Natasha (thrice) (D:3)
  12 worker ants
  5 hell rats (Lair:6)
  A killer bee zombie (D:6)
  A worker ant zombie (D:10)
  10 gnolls
  A howler monkey skeleton (D:5)
  12 adders
  A white imp (D:9)
  An adder zombie (D:8)
  3 adder skeletons
  4 worms
  A dart slug (D:1)
  5 leopard geckos
  41 orcs
  4 giant cockroaches
  7 hobgoblins
  6 jackals
  6 kobolds
  4 quokkas
  A ball python (D:3)
  2 bats (D:2)
  A frilled lizard (D:2)
  8 goblins
  A leopard gecko skeleton (D:5)
  2 quokka skeletons
  A quokka zombie (D:5)
  2 rats
  A fungus (Lair:5)
431 creatures vanquished.

Vanquished Creatures (others)
  An ogre (D:9)
  An orc (D:8)
  17 fungi
  11 plants (Lair:6)
30 creatures vanquished.

Grand Total: 461 creatures vanquished

Notes
Turn   | Place    | Note
-------+----------+-------------------------------------------
     0 | D:1      | TittyCrusher the Naga Transmuter began the quest for the
                  | Orb.
     0 | D:1      | Reached XP level 1. HP: 18/18 MP: 3/3
   391 | D:1      | Reached XP level 2. HP: 23/25 MP: 5/5
   607 | D:1      | Learned a level 2 spell: Sticks to Snakes
   666 | D:2      | Found a bloodstained altar of Trog.
   714 | D:2      | Found a hide-covered altar of Uskayaw.
   724 | D:2      | Found a sparkling altar of Nemelex Xobeh.
   729 | D:2      | Found a burning altar of Makhleb.
   817 | D:2      | Noticed Sigmund
  1193 | D:2      | Reached XP level 3. HP: 12/31 MP: 6/6
  1202 | D:2      | Learned a level 3 spell: Spider Form
  1439 | D:2      | Found a shimmering blue altar of Sif Muna.
  1505 | D:2      | Reached skill level 5 in Unarmed Combat
  1505 | D:2      | Reached XP level 4. HP: 38/45 MP: 7/7
  1523 | D:2      | Killed Sigmund
  1523 | D:2      | Reached skill level 6 in Unarmed Combat
  1523 | D:2      | Reached XP level 5. HP: 37/51 MP: 5/8
  1523 | D:2      | Reached XP level 6. HP: 44/60 MP: 5/9
  1912 | D:2      | Found a shattered altar of Ashenzari.
  2637 | D:3      | Noticed Natasha
  2641 | D:3      | Killed Natasha
  2840 | D:3      | Noticed Natasha
  2847 | D:3      | Killed Natasha
  2869 | D:3      | Noticed Natasha
  2876 | D:3      | Killed Natasha
  2976 | D:4      | Learned a level 4 spell: Ice Form
  2987 | D:4      | Reached XP level 7. HP: 64/66 MP: 7/11
  3034 | D:4      | Reached skill level 1 in Ice Magic
  3210 | D:4      | Found a runed translucent gate.
  3210 | D:4      | Found a runed translucent gate.
  3210 | D:4      | Found a runed translucent gate.
  3210 | D:4      | Noticed gamerdudes's ghost (amateur OgWz)
  3622 | D:5      | Entered Level 5 of the Dungeon
  4048 | D:5      | Reached XP level 8. HP: 70/73 MP: 9/12
  4083 | D:5      | Found a hazy altar of Hepliaklqana.
  4088 | D:5      | Found a shimmering altar of Xom.
  4088 | D:5      | Noticed a torpor snail
  4091 | D:5      | Noticed a spectral ugly thing
  4196 | D:5      | Found a stormy altar of Qazlal.
  4706 | D:6      | Reached skill level 5 in Ice Magic
  4908 | D:6      | Noticed Dowan
  4910 | D:6      | Noticed Duvessa
  4914 | D:6      | Found a sacrificial altar of Ru.
  4926 | D:6      | Killed Duvessa
  4929 | D:6      | Killed Dowan
  5081 | D:6      | Reached XP level 9. HP: 78/80 MP: 9/13
  5494 | D:7      | Reached skill level 7 in Unarmed Combat
  5575 | D:7      | Found a white marble altar of Elyvilon.
  5592 | D:7      | Found a staircase to the Ecumenical Temple.
  5609 | Temple   | Entered the Ecumenical Temple
  5699 | Temple   | Became a worshipper of Cheibriados the Contemplative
  5758 | D:7      | Reached skill level 1 in Invocations
  5765 | D:7      | Found an iron altar of Okawaru.
  6104 | D:7      | Gained mutation: You are partially covered in molten
                  | scales. (AC +2) [potion of mutation]
  6104 | D:7      | Gained mutation: You expend magic power (3 MP) to
                  | strengthen your wands. [potion of mutation]
  6104 | D:7      | Gained mutation: You are robust. (+10% HP) [potion of
                  | mutation]
  6289 | D:8      | Reached * piety under Cheibriados
  6429 | D:8      | Reached skill level 5 in Invocations
  6433 | D:8      | Reached XP level 10. HP: 95/95 MP: 12/14
  6634 | D:8      | Learned a level 5 spell: Blade Hands
  6703 | D:8      | Reached ** piety under Cheibriados
  6891 | D:8      | Found a basalt altar of Yredelemnul.
  7278 | D:9      | Reached skill level 8 in Unarmed Combat
  7350 | D:9      | Noticed a four-headed hydra
  7358 | D:9      | Killed a four-headed hydra
  7358 | D:9      | Reached skill level 9 in Unarmed Combat
  7454 | D:9      | Found a staircase to the Orcish Mines.
  7950 | D:9      | Reached *** piety under Cheibriados
  7950 | D:9      | Reached skill level 10 in Unarmed Combat
  8232 | D:9      | Reached skill level 1 in Shields
  8532 | D:9      | Found an ornate altar of the Wu Jian Council.
  8654 | D:9      | Reached XP level 11. HP: 102/102 MP: 15/15
  8676 | D:10     | Entered Level 10 of the Dungeon
  8721 | D:10     | Reached **** piety under Cheibriados
  9032 | D:10     | Found a runed translucent gate.
  9032 | D:10     | Found a runed translucent gate.
  9032 | D:10     | Found a runed translucent gate.
  9039 | D:10     | Noticed tmcgee265's ghost (journeyman OpWz)
  9130 | D:10     | Reached ***** piety under Cheibriados
  9700 | D:11     | Noticed an unseen horror
  9701 | D:11     | Found a staircase to the Lair.
  9712 | D:11     | Killed an unseen horror
  9874 | D:11     | Noticed an unseen horror
  9889 | D:11     | Noticed a manticore
  9890 | D:11     | Noticed an unseen horror
  9896 | D:11     | Killed an unseen horror
  9896 | D:11     | Killed an unseen horror
  9899 | D:11     | Was placed under penance by Cheibriados
 10210 | D:11     | Killed a manticore
 10210 | D:11     | Reached skill level 10 in Transmutations
 10266 | D:11     | Was forgiven by Cheibriados
 10317 | Lair:1   | Entered Level 1 of the Lair of Beasts
 10494 | Lair:1   | Noticed an eight-headed hydra
 10499 | Lair:1   | Killed an eight-headed hydra
 10755 | Lair:1   | Got a faintly glowing robe
 10766 | Lair:1   | Identified the +2 robe of a Million Wars {*Contam rCorr
                  | Str+4} (You found it on level 1 of the Lair of Beasts)
 10790 | Lair:1   | Gained mutation: You are weak. (Str -2) [mutagenic glow]
 10813 | Lair:2   | Reached XP level 12. HP: 64/112 MP: 16/16
 10849 | Lair:2   | Noticed a four-headed hydra
 10853 | Lair:2   | Killed a four-headed hydra
 11046 | Lair:2   | Reached skill level 11 in Unarmed Combat
 12062 | Lair:3   | Found a hole to the Spider Nest.
 12438 | Lair:3   | Reached skill level 12 in Unarmed Combat
 12469 | Lair:3   | Found a stormy altar of Qazlal.
 12560 | Lair:3   | You fall into a shaft and drop 2 floors!
 12660 | Lair:5   | Reached skill level 1 in Stealth
 12859 | Lair:3   | Reached skill level 5 in Stealth
 13239 | Lair:4   | Found a staircase to the Shoals.
 13312 | Lair:4   | Gained mutation: You can use your snake-like lower body to
                  | constrict enemies. [Naga growth]
 13312 | Lair:4   | Reached XP level 13. HP: 118/118 MP: 17/17
 13426 | Lair:4   | Reached skill level 10 in Stealth
 14272 | Lair:5   | Reached ****** piety under Cheibriados
 14272 | Lair:5   | Reached skill level 5 in Spellcasting
 14520 | Lair:5   | Found a staircase to the Slime Pits.
 14685 | Lair:6   | Entered Level 6 of the Lair of Beasts
 15547 | Lair:6   | Reached XP level 14. HP: 126/126 MP: 19/25
 15588 | Lair:6   | Slain by an eight-headed hydra

Levels and vault maps discovered:
D:1:      onia_arrival_pyramid, layout_basic
D:2:      layout_loops_ring, lightli_temple_of_fire, led_sif_pool,
          minmay_overflow_temple_star_quad, lemuel_doored_altar, uniq_sigmund
D:3:      layout_basic, uniq_natasha
D:4:      layout_loops_ring, first_ration, ebering_ghost_rock_garden,
          grunt_decor_resistance
D:5:      layout_gridville, regret_index_temple_of_mockery,
          grunt_qazlal_sundering, nicolae_zen_rock_garden
D:6:      layout_basic, lemuel_coloured_pillars_altar, uniq_duvessa
D:7:      layout_basic, elyvilon_altar_5, minmay_temple_entry_water_ring,
          grunt_ogre_cave, kennysheep_okawaru_gauntlet
D:8:      layout_loops_ring, nicolae_overflow_hidden_temple
D:9:      layout_roguey, lemuel_crystal_altar,
          kennysheep_orc_monster_closet_entryway, nicolae_lava_and_water,
          minmay_fire_ice_demons
D:10:     layout_basic, gammafunk_ghost_spectres
D:11:     layout_rooms, lair_entry_dummy, st_stairs_1
Temple:   nicolae_temple_figure_zero
Lair:1:   layout_misc_corridors
Lair:2:   layout_gridlike
Lair:3:   layout_layer_cave, nicolae_spider_entry_tight_spaces, basic_altar
Lair:4:   layout_long_grid, elwin_shoals_entry_stream,
          nicolae_volcano_entry_lava_flow
Lair:5:   layout_loops_ring, minmay_slime_entry_oklob_open
Lair:6:   cheibrodos_lair_end_hotspot, layout_layer_cave

Skill      XL: |  1  2  3  4  5  6  7  8  9 10 11 12 13 14 |
---------------+-------------------------------------------+-----
Transmutations | 3 6 10 11 | 11.1
Fighting       | 4 |  4.9
Dodging        | 4 |  4.3
Unarmed Combat | 5 6 7 10 12 | 12.4
Poison Magic   | 4 |  4.3
Ice Magic      | 3 7 |  7.5
Invocations    | 5 6 8 9 |  9.1
Shields        | 2 |  2.4
Stealth        | 9 11 | 11.6
Spellcasting   | 7 |  7.7

Action                   |  1- 3 |  4- 6 |  7- 9 | 10-12 | 13-15 || total
-------------------------+-------+-------+-------+-------+-------++-------
Melee: Dagger            |    38 |     6 |       |       |       ||    44
       Short sword       |     3 |       |       |       |       ||     3
       Punch             |     1 |     1 |     5 |     7 |    14 ||    28
       Headbutt          |     1 |       |     3 |       |       ||     4
       Unarmed           |       |    83 |   364 |   678 |   201 ||  1326
       Constrict         |       |       |       |       |    47 ||    47
 Fire: Hunting sling     |       |       |       |     3 |       ||     3
Throw: Stone             |       |     1 |    12 |    14 |     3 ||    30
       Throwing net      |       |       |       |     1 |       ||     1
 Cast: Beastly Appendage |     2 |     2 |     4 |       |       ||     8
       Spider Form       |       |    11 |    35 |     7 |       ||    53
       Ice Form          |       |       |     1 |    17 |     5 ||    23
       Blade Hands       |       |       |       |     5 |    22 ||    27
Invok: Slouch            |       |       |       |     5 |     2 ||     7
       Temporal Distorti |       |       |       |     1 |       ||     1
 Abil: Spit Poison       |    19 |     9 |    35 |    33 |     2 ||    98
       End Transformatio |       |       |     5 |     2 |     3 ||    10
Evoke: Wand              |       |       |     1 |    12 |       ||    13
  Use: Scroll            |     1 |     6 |     8 |    19 |     4 ||    38
       Potion            |     1 |       |     5 |     4 |     1 ||    11
 Stab: Sleeping          |       |     1 |       |     8 |     3 ||    12
       Distracted        |       |       |     1 |     1 |       ||     2
       Invisible         |       |       |     1 |       |       ||     1
       Paralysed         |       |       |       |    10 |       ||    10
       Fleeing           |       |       |       |     1 |       ||     1
  Eat: Chunk             |     1 |     7 |    17 |    19 |     8 ||    52
       Ration            |       |       |       |     2 |     1 ||     3
Armor: Robe              |     4 |     5 |    44 |    13 |    14 ||    80
       Leather armour    |    10 |       |       |       |       ||    10
       Skin              |       |       |    10 |    22 |    13 ||    45
       Troll leather arm |       |       |       |   106 |    54 ||   160
Dodge: Dodged            |    28 |    44 |   231 |   400 |   134 ||   837
Block: Buckler           |       |       |       |    98 |     8 ||   106
